 Dungeon Crawl Stone Soup version bcrawl-1.40.1 (webtiles) character file.

Game seed: 4574215623659845081

301662 Mehrunes the Basher (level 10, -10/64 HPs)
             Began as a Mana Stalker Martial Artist on Nov 3, 2023.
             Was an Elder of Wu Jian.
             Killed from afar by Harold (20 damage)
             ... with a bolt of fire
             ... on level 9 of the Dungeon.
             The game lasted 00:25:22 (9070 turns).

Mehrunes the Basher (Mana Stalker Martial Artist)   Turns: 9070, Time: 00:25:23

Health: -10/64     AC: 14    Str: 17    XL:     10   Next: 77%
Magic:  12/12      EV:  7    Int:  9    God:    Wu Jian [****..]
Gold:   974        SH:  8    Dex: 18    Spells: 10/11 levels left

rFire    . . .     GDR:     33% a - +0 flail
rCold    . . .     SeeInvis .   J - +2 buckler
rNeg     + . .     Gourm    .   t - +0 plate armour
rPois    .         Faith    .   C - +1 helmet
rElec    .         Spirit   .   (no cloak)
rCorr    .         Reflect  .   (no gloves)
MR       ++...                  (no boots)
Stlth    ..........             D - macabre finger necklace {rN+}
HPRegen  0.60/turn              y - ring of Reoruec {+Fly Slay+2}
MPRegen  0.13/turn              (no ring)
                                (no ring)

@: about to teleport, lightly drained
A: fangs 3, magic resistance 1, regeneration 1, antimagic bite, no potion heal
3, rot immunity, strong jaws
a: Wall Jump, Serpent's Lash, Heavenly Storm, Renounce Religion, Evoke Flight


You were on level 9 of the Dungeon.
You worshipped Wu Jian.
Wu Jian was greatly pleased with you.
You were not hungry.

You visited 1 branch of the dungeon, and saw 9 of its levels.

You collected 974 gold pieces.

Inventory:

Hand Weapons
 a - a +0 flail (weapon)
 b - a +0 hunting sling
 h - a +0 club
 v - a +2 short sword of venom
 H - the cursed +1 hunting sling of the Dungeon {velocity, rElec rPois Stlth+, unknown}
   (You found it on level 7 of the Dungeon)

   Any stone fired from it inflicts extra damage.
   It insulates you from electricity.
   It protects you from poison.
   It makes you more stealthy.
   It has a curse placed upon it.
 K - the +12 hunting sling of Wutotho {speed, Str+9}
   (You took it off an orc on level 7 of the Dungeon)

   Attacks with this weapon are significantly faster.
   It affects your strength (+9).
Missiles
 A - 541 sling bullets
 I - a throwing net {=f}
Armour
 t - a +0 plate armour (worn)
 C - a +1 helmet (worn)
 J - a +2 buckler (worn)
Jewellery
 p - an uncursed ring of ice
 y - the ring of Reoruec (left hand) {+Fly Slay+2}
   (You found it on level 4 of the Dungeon)

   [ring of flight]

   It affects your accuracy and damage with ranged weapons and melee attacks
   (+2).
   It lets you fly.
 D - the macabre finger necklace (around neck) {rN+}
   (You found it on level 6 of the Dungeon)

   [amulet of nothing]

   It protects you from negative energy.
Wands
 B - a wand of scattershot (6)
 G - a wand of polymorph (7)
Scrolls
 c - 2 scrolls of enchant armour {unknown}
 d - a scroll of fear {unknown}
 f - 12 scrolls of remove curse
 g - 2 scrolls of noise {unknown}
 i - 4 scrolls of identify
 j - a scroll of teleportation
 k - 2 scrolls of amnesia {unknown}
 E - a scroll of fog {unknown}
 F - a scroll of vulnerability {unknown}
 N - a scroll of blinking {unknown}
Potions
 l - 5 potions of curing {unknown}
 m - 2 potions of degeneration {unknown}
 n - a potion of cancellation {unknown}
 o - 2 potions of lignification {unknown}
 r - a potion of resistance {unknown}
 s - a potion of might {unknown}
 u - a potion of ambrosia {unknown}
 w - 2 potions of brilliance {unknown}
 x - a potion of flight {unknown}
 z - a potion of berserk rage {unknown}
 L - 2 potions of haste {unknown}
 M - a potion of magic {unknown}
Comestibles
 e - 19 rations {!d}
 q - 2 chunks of flesh


   Skills:
 + Level 7.7(7.5) Fighting
 * Level 9.7(9.5) Maces & Flails
 + Level 5.2(5.0) Armour
 + Level 5.8(5.6) Dodging
 - Level 1.5(1.3) Stealth
 + Level 3.1(3.0) Shields
 - Level 4.0(3.8) Unarmed Combat
 - Level 1.1(0.9) Spellcasting
 - Level 1.0(0.8) Hexes


You had 10 spell levels left.
You knew the following spells:

 Your Spells              Type           Power        Failure   Level  Hunger
a - Confusing Touch       Hex            #.......     100%        1    None

Your spell library contained the following spells:

 Spells                   Type           Power        Failure   Level  Hunger
 Beastly Appendage        Tmut           #.....       100%        1    None
 Magic Dart               Conj           #...         100%        1    None
 Passwall                 Tmut/Erth      #.......     100%        2    ###....
 Searing Ray              Conj           #.......     100%        2    ###....
 Sticks to Snakes         Tmut           #.......     100%        2    ###....
 Iskenderun's Mystic Bla  Conj           #.......     100%        3    #####..
 Spider Form              Tmut/Pois      #..          100%        3    #####..
 Fulminant Prism          Conj/Hex       #.........   100%        4    ######.
 Ice Form                 Ice/Tmut       #.......     100%        4    ######.
 Blade Hands              Tmut           #.........   100%        5    #######
 Irradiate                Conj/Tmut      #.........   100%        5    #######


Dungeon Overview and Level Annotations

Branches:
Dungeon (9/12)             Temple (0/1) D:6            Lair (0/6) D:8
    Orc: D:8-11

Altars:
Elyvilon
Kikubaaqudgha
Lugonu
Makhleb
Ru
Trog
Uskayaw
Xom
Zin
The Shining One

Shops:
D:6 :   D:8 ?

Annotations:
D:5 2 exclusions
D:9 Harold


Innate Abilities, Weirdness & Mutations

You have razor-sharp teeth.
You are resistant to hostile enchantments. (MR+)
Your natural rate of healing is unusually fast.
Your bite disrupts and absorbs the magic of your enemies.
Potions cannot restore your health.
You are immune to rotting.
Your bites deal extra damage.


Message History

You struggle against the net.
You tear a large gash into the net.
You shred the net and break free!
Harold points at you and mumbles some strange words.
The bolt of fire hits you!!
* * * LOW HITPOINT WARNING * * *
Okay, then.
Evoke which item? (* to show all) (? for menu, Esc to quit)
Okay, then.
None of your equipped items are cursed.
Unknown command.
As you read the scroll of teleportation, it crumbles to dust.
You feel strangely unstable.
Harold hits you from afar with a +1 trident of flaming.
* * * LOW HITPOINT WARNING * * *
Harold burns you.
* * * LOW HITPOINT WARNING * * *
Harold casts a spell at you. The bolt of fire hits you!!
You die...

.... #... ..# #... ..#
#... #.# #... #.# #...
#@# #... #.#
#########...
#.######...........
#.@................
+###..................
..............#####...
###...........# #...
#...........# #...
#.....####..# #.##
#.....#..#..# #.#
#.....#..#..# #.#
+..####..'..# #.##


You could see Harold.

Vanquished Creatures
  A two-headed ogre (D:8)
  Pikel (D:5)
  Grinder (D:3)
  2 hippogriffs
  Prince Ribbit (D:9)
  3 wargs (D:8)
  2 ice beasts
  A slave (D:6)
  3 orc warriors
  2 sky beasts
  A phantom (D:7)
  A necrophage (D:5)
  5 ogres
  2 bullfrogs
  A rime drake skeleton (D:5)
  A wyvern zombie (D:8)
  2 centaurs
  4 scorpions
  5 killer bees (D:7)
  A wight (D:7)
  A howler monkey (D:7)
  2 orc priests (D:8)
  5 crimson imps
  8 hounds
  4 jellies
  3 bullfrog skeletons
  11 orc wizards
  7 worker ants
  A hound zombie (D:5)
  2 hound skeletons
  A howler monkey zombie (D:6)
  A howler monkey skeleton (D:5)
  7 adders
  6 shadow imps
  An ooze (D:3)
  2 adder zombies (D:6)
  4 adder skeletons
  9 worms
  2 dart slugs (D:2)
  7 leopard geckos
  26 orcs
  3 giant cockroaches
  9 goblins
  9 hobgoblins
  3 jackals
  6 quokkas
  7 bats (D:1)
  8 frilled lizards
  10 kobolds
  2 quokka skeletons (D:5)
  5 rats
212 creatures vanquished.

Vanquished Creatures (others)
  A bush (D:5)
1 creature vanquished.

Grand Total: 213 creatures vanquished

Notes
Turn   | Place    | Note
-------+----------+-------------------------------------------
     0 | D:1      | Mehrunes the Vine Stalker Martial Artist began the quest
                  | for the Orb.
     0 | D:1      | Reached XP level 1. HP: 13/13 MP: 3/3
   141 | D:1      | Reached XP level 2. HP: 16/19 MP: 4/4
   576 | D:1      | Reached XP level 3. HP: 20/23 MP: 5/5
   609 | D:1      | Reached ** piety under Wu Jian
  1486 | D:2      | Reached skill level 1 in Maces & Flails
  1583 | D:2      | Reached XP level 4. HP: 28/28 MP: 6/6
  2314 | D:3      | Found a corrupted altar of Lugonu.
  2445 | D:3      | Noticed Grinder
  2648 | D:3      | Reached *** piety under Wu Jian
  2683 | D:3      | Reached skill level 2 in Maces & Flails
  2683 | D:3      | Reached XP level 5. HP: 13/33 MP: 7/7
  2770 | D:4      | Got a vibrating golden ring
  2864 | D:4      | Reached skill level 1 in Armour
  3934 | D:4      | Identified the ring of Reoruec {+Fly Slay+2} (You found it
                  | on level 4 of the Dungeon)
  3956 | D:4      | Gained mutation: You have razor-sharp teeth. [Vine Stalker
                  | growth]
  3956 | D:4      | Reached XP level 6. HP: 23/38 MP: 8/8
  3968 | D:4      | Reached skill level 3 in Maces & Flails
  4140 | D:5      | Entered Level 5 of the Dungeon
  4193 | D:5      | Found a burning altar of Makhleb.
  4491 | D:5      | Noticed a necrophage
  4499 | D:5      | Killed a necrophage
  4500 | D:5      | Reached skill level 4 in Maces & Flails
  4500 | D:5      | Reached XP level 7. HP: 35/44 MP: 9/9
  5100 | D:5      | Found an ancient bone altar of Kikubaaqudgha.
  5120 | D:5      | Found a white marble altar of Elyvilon.
  5650 | D:6      | Found a sacrificial altar of Ru.
  5651 | D:6      | Noticed Pikel
  5727 | D:5      | Killed Pikel
  5728 | D:5      | Reached skill level 5 in Fighting
  5728 | D:5      | Reached skill level 5 in Maces & Flails
  5728 | D:5      | Gained mutation: Your bite disrupts and absorbs the magic
                  | of your enemies. [Mana Stalker growth]
  5728 | D:5      | Gained mutation: You are resistant to hostile enchantments.
                  | (MR+) [Mana Stalker growth]
  5728 | D:5      | Reached XP level 8. HP: 37/50 MP: 9/10
  5807 | D:3      | Killed Grinder
  5808 | D:3      | Reached skill level 6 in Maces & Flails
  6098 | D:6      | Found the macabre finger necklace {rN+}
  6137 | D:6      | Found Dumn's Book Shop.
  6194 | D:6      | Found a staircase to the Ecumenical Temple.
  6236 | D:6      | Reached **** piety under Wu Jian
  6334 | D:6      | Reached XP level 9. HP: 55/55 MP: 11/11
  6501 | D:6      | Reached skill level 7 in Maces & Flails
  6821 | D:6      | Found a glowing silver altar of Zin.
  7035 | D:7      | Reached skill level 8 in Maces & Flails
  7167 | D:7      | Got a smoking hunting sling
  7286 | D:7      | Identified the +12 hunting sling of Wutotho {speed, Str+9}
  7424 | D:7      | Reached skill level 1 in Shields
  7425 | D:7      | Reached XP level 10. HP: 40/63 MP: 12/12
  7804 | D:8      | Noticed a two-headed ogre
  7811 | D:8      | Reached skill level 9 in Maces & Flails
  7812 | D:8      | Killed a two-headed ogre
  7813 | D:8      | Reached skill level 5 in Dodging
  7952 | D:8      | Found Ywkalid's Magic Scroll Shop.
  8244 | D:8      | Found a hide-covered altar of Uskayaw.
  8278 | D:8      | Reached skill level 5 in Armour
  8386 | D:8      | Found a staircase to the Lair.
  8427 | D:8      | Found an ancient bone altar of Kikubaaqudgha.
  8430 | D:8      | Found a shadowy altar of Dithmenos.
  8430 | D:8      | Found a white marble altar of Elyvilon.
  8432 | D:8      | Found a shimmering altar of Xom.
  8432 | D:8      | Found a glowing golden altar of the Shining One.
  8432 | D:8      | Found a hide-covered altar of Uskayaw.
  8812 | D:8      | Found a bloodstained altar of Trog.
  8862 | D:9      | Noticed Prince Ribbit
  8870 | D:9      | Killed Prince Ribbit
  9060 | D:9      | Noticed Harold
  9070 | D:9      | Killed from afar by Harold

Skill      XL: |  1  2  3  4  5  6  7  8  9 10 |
---------------+-------------------------------+-----
Fighting       | 3 4 5 7 |  7.7
Dodging        | 4 5 |  5.8
Maces & Flails | 1 2 4 5 6 8 9 |  9.7
Armour         | 1 2 3 4 5 |  5.2
Shields        | 1 3 |  3.1
Stealth        | |  1.5
Unarmed Combat | |  4.0
Spellcasting   | |  1.1
Hexes          | |  1.0

Action                   |  1- 3 |  4- 6 |  7- 9 | 10-12 || total
-------------------------+-------+-------+-------+-------++-------
Melee: Unarmed           |    62 |       |       |       ||    62
       Bite              |    20 |    34 |    73 |    44 ||   171
       Punch             |     4 |     4 |     2 |       ||    10
       Club              |    97 |   210 |       |       ||   307
       Short sword       |       |    25 |    25 |       ||    50
       Flail             |       |    32 |   255 |   146 ||   433
 Fire: Hunting sling     |       |       |       |     3 ||     3
Invok: Heavenly Storm    |       |       |     2 |     1 ||     3
 Abil: Whirlwind         |    67 |   176 |   119 |   110 ||   472
       Lunge             |    21 |     4 |    13 |     9 ||    47
       Wall Jump         |     1 |       |       |       ||     1
       Serpent's Lash    |       |     4 |     3 |     3 ||    10
  Use: Scroll            |       |     6 |     2 |     1 ||     9
       Potion            |       |     2 |       |       ||     2
 Stab: Sleeping          |     6 |     2 |       |       ||     8
       Paralysed         |       |       |     1 |       ||     1
  Eat: Chunk             |     6 |    17 |    13 |     9 ||    45
       Ration            |       |       |     1 |       ||     1
Armor: Robe              |    20 |     1 |       |       ||    21
       Leather armour    |       |    16 |       |       ||    16
       Plate armour      |       |    57 |   136 |    54 ||   247
Dodge: Dodged            |    91 |   123 |    76 |    22 ||   312
Block: Buckler           |       |       |     7 |    27 ||    34
